 Dungeon Crawl Stone Soup version 0.28-a0-932-g843f935a50 (webtiles) character file.

Game seed: 15472451752853906094

9590 Zonian the Covert (level 11, 0/56 HPs)
             Began as a Vine Stalker Brigand on Nov 27, 2021.
             Was a Believer of Dithmenos.
             Succumbed to barbed spike wounds
             ... on level 14 of the Dungeon.
             The game lasted 00:28:05 (11460 turns).

Zonian the Covert (Vine Stalker Brigand)           Turns: 11460, Time: 00:28:06

Health: 0/56       AC:  9    Str: 15    XL:     11   Next: 48%
Magic:  0/24       EV: 30    Int: 11    God:    Dithmenos [**....]
Gold:   79         SH:  6    Dex: 18    Spells: 9/12 levels left

rFire   + + .      SeeInvis .   l - +7 dagger (venom)
rCold   + . .      Faith    .   B - +1 buckler
rNeg    . . .      Spirit   +   K - +2 robe
rPois   +          Reflect  .   f - +2 helmet
rElec   +          Harm     .   F - +1 cloak "Coheuck" {rElec rF+ Slay+3}
rCorr   +          Rampage  .   (no gloves)
Will    +....                   (no boots)
Stlth   +++++++...              E - amulet of the acrobat
HPRegen 0.98/turn               m - ring of magical power
MPRegen 0.19/turn               i - ring of flight

@: resistant, spiked, acrobatic, flying, hasted, wreathed by umbra, very quick
A: fangs 3, regeneration 1, magic shield, antimagic bite, no potion heal 2
a: Renounce Religion, Shadow Step


You were on level 14 of the Dungeon.
You worshipped Dithmenos.
Dithmenos was pleased with you.
You visited 2 branches of the dungeon, and saw 13 of its levels.

You collected 422 gold pieces.
You spent 343 gold pieces at shops.

Inventory:

Hand Weapons
 a - a +2 dagger
 l - a +7 dagger of venom (weapon)
 s - a +4 spear
 w - a +0 whip of electrocution
 D - a +1 dagger of holy wrath
 H - a +2 whip of draining
 J - a +2 falchion
Missiles
 d - 21 poisoned darts (quivered)
 e - a curare-tipped dart
 k - 87 sling bullets
 v - 6 javelins
Armour
 b - a +0 robe
 c - a +1 cloak
 f - a +2 helmet (worn)
 p - a +2 chain mail of fire resistance
 x - a +1 robe of fire resistance
 B - a +1 buckler (worn)
 F - the +1 cloak "Coheuck" (worn) {rElec rF+ Slay+3}
   (You bought it in a shop on level 1 of the Dungeon)

   Slay:      It affects your accuracy & damage with ranged weapons and melee
   (+3).
   rF:        It protects you from fire.
   rElec:     It insulates you from electricity.
 I - a scarf of shadows
 K - a +2 robe (worn)
Jewellery
 i - a ring of flight (right hand)
 m - a ring of magical power (left hand)
 E - an amulet of the acrobat (around neck)
Wands
 z - a wand of iceblast (21)
 G - a wand of charming (9)
Scrolls
 y - 2 scrolls of enchant armour
 C - 2 scrolls of amnesia
Potions
 g - 2 potions of resistance
 h - a potion of brilliance
 j - 3 potions of attraction
 n - a potion of mutation
 o - a potion of haste
 r - 2 potions of flight {unknown}
 t - 2 potions of heal wounds {unknown}
 u - a potion of magic {unknown}
 A - 6 potions of curing
Miscellaneous
 q - a tin of tremorstones (2/2)


   Skills:
 + Level 5.9 Fighting
 + Level 7.6 Short Blades
 + Level 4.1 Throwing
 + Level 6.3 Dodging
 + Level 12.8 Stealth
 + Level 2.6 Shields
 * Level 1.3 Spellcasting
 * Level 1.2 Conjurations
 * Level 1.3 Air Magic
 * Level 1.5 Poison Magic
 * Level 5.1 Invocations
 * Level 1.3 Evocations


You had 9 spell levels left.
You knew the following spells:

 Your Spells              Type           Power      Damage    Failure   Level
a - Mephitic Cloud        Conj/Pois/Air  3%         N/A       54%         3

Your spell library contained the following spells:

 Spells                   Type           Power      Damage    Failure   Level
 Ignite Poison            Fire/Tmut/Pois 1%         N/A       65%         3
 Gell's Gravitas          Tloc           0%         N/A       75%         3
 Teleport Other           Tloc           0%         N/A       75%         3
 Blade Hands              Tmut           0%         N/A       100%        5
 Freezing Cloud           Conj/Ice/Air   1%         6-21      100%        5
 Irradiate                Conj/Tmut      1%         3d13      100%        5
 Dispersal                Tloc           0%         N/A       100%        6
 Dragon Form              Tmut           0%         N/A       100%        7


Dungeon Overview and Level Annotations

Branches:
Dungeon (11/15)            Temple (1/1) D:6
   Lair: D:8-11         Orc: D:9-12

Altars:
Ashenzari
Cheibriados
Dithmenos
Elyvilon
Fedhas
Gozag
Hepliaklqana
Kikubaaqudgha
Makhleb
Nemelex Xobeh
Okawaru
Qazlal
Ru
Sif Muna
Trog
Uskayaw
Vehumet
Wu Jian
Xom
Yredelemnul
Zin
The Shining One

Shops:
D:1 [   D:4 ?   D:11 [

Annotations:
D:4 3 runed translucent doors, bande's ghost, novice GrFi
D:8 1 runed translucent door, porpoise's ghost, novice DECj
D:9 Gastronok
D:10 Fannar


Innate Abilities, Weirdness & Mutations

You have razor-sharp teeth.
Your natural rate of healing is unusually fast.
When hurt, damage is shared between your health and your magic reserves.
Your bite disrupts and absorbs the magic of your enemies.
Potions cannot restore your health.


Message History

Unknown command.
The troll shouts!
You hear a shout!
A red ugly thing comes into view.
An efreet comes into view.
It is wielding a +4 scimitar of flaming.
Found 11 stones.
A manticore, a slime creature, a vampire mosquito, a cyclops and a skeletal warrior come into view.
Found 18 arrows and a quarterstaff.
The vampire mosquito misses you.
Unknown command.
A purple ugly thing comes into view.
A wraith comes into view.
You block the vampire mosquito's attack.
Unknown command.
Found a twisted silver wand.
The vampire mosquito completely misses you.
Unknown command.
Found a potion of curing and a scroll of enchant weapon.
The manticore flicks its tail.
The volley of spikes hits you!
The barbed spikes become lodged in your body.
A white ugly thing comes into view.
Unknown command.
Unknown command.
The barbs in your skin will harm you if you move.
Continue?
The barbed spikes dig painfully into your body as you move.
The manticore flicks its tail.
The volley of spikes hits you!
The barbed spikes become lodged in your body.
The skeletal warrior hits you with a +0 war axe!
* * * LOW HITPOINT WARNING * * *
You see here 18 arrows.
Found 50 gold pieces.
The barbed spikes dig painfully into your body as you move.
* * * LOW HITPOINT WARNING * * *
Unknown command.
The barbed spikes dig painfully into your body as you move.
* * * LOW HITPOINT WARNING * * *
The vampire mosquito barely misses you.
Unknown command.
A basilisk comes into view.
The barbed spikes dig painfully into your body as you move.
You die...

#........l##
...8...8...##
$..$...$....##
.............#
8?.........!8.#
...J.u.........#
...............#
.........@.....#
.8(.........)8.#
.....u..zyW....#
#....(.R.(..H.##
#...8☼..8...##
##.○°.T....##
###..W..###
#####u#####
#.........##


You could see 3 ugly things, a skeletal warrior, a slime creature (wandering), a
manticore, a troll, an efreet, a basilisk (asleep), 2 wraiths and a vampire
mosquito.

Vanquished Creatures
  2 two-headed ogres
  A tengu warrior (D:14)
  Pikel (D:6)
  Joseph (D:8)
  A kobold demonologist (D:10)
  An unseen horror (D:10)
  Psyche (D:9)
  3 trolls
  Prince Ribbit (D:6)
  Grinder (D:5)
  2 wyverns
  9 yaks
  Grum (D:9)
  An acid dragon (D:10)
  2 water moccasins
  2 ice beasts
  3 sky beasts
  3 ogres
  A hornet zombie (D:7)
  2 black bears
  2 wolves (D:8)
  3 centaurs
  Blork the orc (D:6)
  A kobold brigand (D:9)
  2 lemures
  2 bullfrogs
  A gnoll sergeant (D:7)
  A scorpion (D:6)
  A water moccasin zombie (D:6)
  A wyvern skeleton (D:5)
  5 killer bees (D:10)
  9 wights
  2 howler monkeys (D:11)
  An electric eel (D:10)
  2 centaur zombies
  A bullfrog zombie (D:5)
  2 hounds
  A jelly (D:4)
  Crazy Yiuf (D:2)
  A gnoll shaman (D:8)
  An iguana (D:4)
  Jessica (D:2)
  Terence (D:2)
  2 orc wizards (D:11)
  2 howler monkey zombies (D:9)
  Robin (D:2)
  9 gnolls
  4 adders
  An ufetubus (D:5)
  2 worms (D:2)
  2 dart slugs
  6 orcs
  10 ball pythons
  4 bats
  7 endoplasms
  A giant cockroach (D:1)
  15 goblins
  7 hobgoblins
  3 jackals (D:2)
  A quokka (D:1)
  6 frilled lizards
  13 kobolds
  6 rats
  A spectral goblin (D:9)
185 creatures vanquished.

Vanquished Creatures (others)
  4 fungi
  8 plants
12 creatures vanquished.

Grand Total: 197 creatures vanquished

Notes
Turn   | Place    | Note
-------+----------+-------------------------------------------
     0 | D:1      | Zonian the Vine Stalker Brigand began the quest for the
                  | Orb.
     0 | D:1      | Reached XP level 1. HP: 11/11 MP: 2/2
    58 | D:1      | Reached skill level 5 in Stealth
    85 | D:1      | Reached XP level 2. HP: 12/15 MP: 3/3
   622 | D:1      | Found a faded altar of an unknown god.
   650 | D:1      | Reached XP level 3. HP: 13/18 MP: 2/4
   767 | D:1      | Found Bosumeav's Antique Armour Shoppe.
  1415 | D:2      | Noticed Jessica
  1422 | D:2      | Killed Jessica
  1423 | D:2      | Reached skill level 1 in Dodging
  1423 | D:2      | Reached skill level 6 in Stealth
  1423 | D:2      | Gained mutation: Your natural rate of healing is unusually
                  | fast. [Vine Stalker growth]
  1423 | D:2      | Reached XP level 4. HP: 20/23 MP: 5/5
  1537 | D:2      | Noticed Terence
  1559 | D:2      | Killed Terence
  2033 | D:2      | Reached XP level 5. HP: 26/26 MP: 6/6
  2125 | D:2      | Found a runed translucent door.
  2126 | D:2      | Noticed Crazy Yiuf
  2133 | D:2      | Killed Crazy Yiuf
  2268 | D:2      | Noticed Robin
  2290 | D:2      | Killed Robin
  2726 | D:5      | Entered Level 5 of the Dungeon
  2789 | D:5      | Noticed Grinder
  2812 | D:5      | Killed Grinder
  2813 | D:5      | Reached skill level 7 in Stealth
  2813 | D:5      | Reached XP level 6. HP: 31/31 MP: 7/7
  2893 | D:5      | Noticed a black bear
  3086 | D:4      | Reached skill level 8 in Stealth
  3086 | D:4      | Reached XP level 7. HP: 34/35 MP: 8/8
  3152 | D:4      | Found a runed translucent gate.
  3152 | D:4      | Found a runed translucent gate.
  3152 | D:4      | Found a runed translucent gate.
  3940 | D:4      | Noticed bande's ghost (novice GrFi)
  4205 | D:4      | Found Dyockuvo's Magic Scroll Boutique.
  4687 | D:5      | Reached skill level 9 in Stealth
  4687 | D:5      | Gained mutation: You have razor-sharp teeth. [Vine Stalker
                  | growth]
  4687 | D:5      | Reached XP level 8. HP: 39/39 MP: 9/9
  5289 | D:6      | Noticed Pikel
  5402 | D:6      | Noticed Blork the orc
  5492 | D:6      | Noticed Prince Ribbit
  5649 | D:6      | Killed Prince Ribbit
  5650 | D:6      | Reached skill level 10 in Stealth
  5817 | D:6      | Killed Pikel
  5818 | D:6      | Reached skill level 5 in Short Blades
  5818 | D:6      | Reached XP level 9. HP: 28/45 MP: 8/10
  6146 | D:6      | Reached skill level 11 in Stealth
  6313 | D:6      | Killed Blork the orc
  6376 | D:6      | Found a staircase to the Ecumenical Temple.
  6415 | Temple   | Entered the Ecumenical Temple
  6479 | Temple   | Became a worshipper of Dithmenos the Shadowed
  6631 | D:7      | Noticed a troll
  6705 | D:6      | Killed a troll
  6706 | D:6      | Reached skill level 1 in Invocations
  7346 | D:7      | Reached skill level 5 in Dodging
  7379 | D:7      | Found a shimmering altar of Xom.
  7493 | D:8      | Found a runed translucent door.
  7499 | D:8      | Noticed porpoise's ghost (novice DECj)
  7502 | D:8      | Identified the +9 trident "Koatzomu" {vorpal, Will+ Str+2
                  | Stlth+}
  7526 | D:8      | Reached XP level 10. HP: 50/51 MP: 12/12
  7599 | D:8      | Noticed Joseph
  7604 | D:8      | Killed Joseph
  7702 | D:8      | Reached skill level 12 in Stealth
  7974 | D:8      | Reached * piety under Dithmenos
  8179 | D:9      | Noticed a two-headed ogre
  8211 | D:9      | Noticed Gastronok
  8250 | D:9      | Noticed Psyche
  8265 | D:9      | Noticed Grum
  8269 | D:9      | Killed Psyche
  8426 | D:8      | Reached skill level 5 in Fighting
  8652 | D:9      | Killed Grum
  8820 | D:9      | Reached skill level 1 in Shields
  8893 | D:9      | Found a hazy altar of Hepliaklqana.
  9294 | D:9      | Killed a two-headed ogre
  9821 | D:9      | Found a radiant altar of Vehumet.
  9829 | D:9      | Found an opulent altar of Gozag.
  9937 | D:10     | Entered Level 10 of the Dungeon
  9961 | D:10     | Noticed a two-headed ogre
  9965 | D:10     | Killed a two-headed ogre
  9965 | D:10     | Reached ** piety under Dithmenos
  9966 | D:10     | Reached XP level 11. HP: 56/56 MP: 15/15
 10220 | D:10     | Noticed Fannar
 10613 | D:10     | Learned a level 3 spell: Mephitic Cloud
 10802 | D:10     | Reached skill level 1 in Poison Magic
 10952 | D:11     | Reached skill level 1 in Spellcasting
 10952 | D:11     | Reached skill level 5 in Invocations
 10983 | D:11     | Reached skill level 1 in Evocations
 10993 | D:11     | Found Haoc's Armour Shop.
 11186 | D:1      | Bought a shimmering cloak for 247 gold pieces
 11186 | D:1      | Identified the +1 cloak "Coheuck" {rElec rF+ Slay+3} (You
                  | bought it in a shop on level 1 of the Dungeon)
 11196 | D:1      | Bought an embroidered robe for 96 gold pieces
 11439 | D:14     | Noticed a tengu warrior
 11441 | D:14     | Reached skill level 1 in Conjurations
 11441 | D:14     | Reached skill level 1 in Air Magic
 11442 | D:14     | Noticed a fire giant
 11442 | D:14     | Noticed a boulder beetle
 11444 | D:14     | Killed a tengu warrior
 11448 | D:14     | Noticed a boulder beetle
 11451 | D:14     | Noticed a red ugly thing
 11453 | D:14     | Noticed a skeletal warrior
 11453 | D:14     | Noticed a manticore
 11453 | D:14     | Noticed a cyclops
 11454 | D:14     | Noticed a purple ugly thing
 11456 | D:14     | Noticed a white ugly thing
 11460 | D:14     | Succumbed to barbed spike wounds

Illustrated notes

Levels and vault maps discovered:
D:1:      roderic_crossed_star, layout_basic, serial_shops, shop,
          dilly_ecumenical_altar_fadedgnrine, serial_bayou_ford_a, st_stairs_8
D:2:      layout_basic, uniq_crazy_yiuf_cottage, uniq_robin, uniq_jessica,
          uniq_terence
D:3:      layout_loops_ring
D:4:      layout_loops_ring, gammafunk_ghost_icy, serial_shops,
          nicolae_shop_statue_plus
D:5:      nicolae_BIG_FREAKIN_CUBE, layout_basic, uniq_grinder
D:6:      layout_layer_cave, minmay_temple_entry_overgrown, uniq_prince_ribbit1,
          uniq_blork_the_orc, uniq_pikel
D:7:      layout_cave_pools, mainiacjoe_overflow_chevrons
D:8:      layout_rooms, ebering_ghost_funeral_grove, grunt_ministairs_6,
          uniq_joseph
D:9:      layout_irregular_city, nicolae_hepliaklqana_monster_ancestors,
          amethyst_overflow_temple_binary, uniq_psyche, uniq_grum,
          uniq_gastronok
D:10:     layout_cave_pools, serial_park, serial_park_gazebo
          [serial_park_minivault_5x5_2], serial_park_tiny_pond,
          serial_park_paths [serial_park_minivault_5x5_6],
          kennysheep_another_room, uniq_fannar
D:11:     layout_cave_pools, dpeg_oklobed_lair, serial_shops,
          nicolae_shop_waterfront, kennysheep_generic_room_6
D:14:     kennysheep_green_arena, layout_long_grid,
          hangedman_vaults_entry_quadrant_bands
Temple:   compressed_dpeg_circular_temple

Skill      XL: |  1  2  3  4  5  6  7  8  9 10 11 |
---------------+----------------------------------+-----
Stealth        | 5 6 7 8 9 10 11 12 | 12.8
Short Blades   | 2 3 4 5 6 7 |  7.6
Dodging        | 1 2 3 4 5 6 |  6.3
Fighting       | 2 3 4 5 |  5.9
Throwing       | 2 3 4 |  4.1
Invocations    | 2 4 5 |  5.1
Shields        | 2 |  2.6
Poison Magic   | 1 |  1.5
Spellcasting   | 1 |  1.3
Evocations     | 1 |  1.3
Conjurations   | 1 |  1.2
Air Magic      | 1 |  1.3

Action                   |  1- 3 |  4- 6 |  7- 9 | 10-12 || total
-------------------------+-------+-------+-------+-------++-------
Melee: Dagger            |    55 |   121 |   212 |   271 ||   659
       Bite              |    14 |    43 |    71 |   109 ||   237
Throw: Dart              |       |     3 |    23 |     8 ||    34
  Use: Scroll            |       |     6 |     9 |     8 ||    23
       Potion            |       |       |       |     2 ||     2
 Stab: Sleeping          |     7 |    11 |    17 |    12 ||    47
       Distracted        |     1 |       |       |       ||     1
Armor: Robe              |    10 |    30 |    34 |    42 ||   116
Dodge: Dodged            |    28 |    73 |   103 |   173 ||   377
Block: Buckler           |       |       |     3 |    61 ||    64

Table legend: (Time is in decaauts)
 A = Elapsed time spent in this place.
 B = Non-inter-level travel time spent in this place.
 C = Inter-level travel time spent in this place.
 D = Time resting spent in this place.
 E = Time spent auto-exploring this place.
 F = Levels seen in this place.
 G = Mean time per level.
                   A        B        C        D        E       F      G
               +--------+--------+--------+--------+--------+-----+--------+
         Total |  11327 |  10548 |    779 |   1994 |   5834 |  13 |  871.3 |
       Dungeon |  11251 |  10484 |    767 |   1994 |   5796 |  12 |  937.6 |
        Temple |     76 |     64 |     12 |      0 |     38 |   1 |   76.0 |
               +--------+--------+--------+--------+--------+-----+--------+

Top non-repeatable levels by time:
     D:6: 1694 daAuts
     D:2: 1378 daAuts
     D:8: 1375 daAuts
     D:1: 1352 daAuts
     D:9: 1167 daAuts
     D:4: 1042 daAuts
    D:10: 1008 daAuts
     D:5: 748 daAuts
     D:3: 711 daAuts
     D:7: 582 daAuts
    D:11: 174 daAuts
  Temple: 76 daAuts
    D:14: 15 daAuts
